woodfighter, chaotic female elven Rogue }}}}}}}}}}}}}}}}}}}}}}}}}}}}}}}}}}}}}}}}}}}}}}}}}}}}}}}}}}}}}}}}}}}}}}}}}}} }}}}}}}}}}}}}}}}}}}}}}}}}}}}}}}}}}}}}}}}}}}}}}}}}}}}}}}}}}}}}}}}}}}}}}}}}}} ------}}}}}}}}}}}}}}}}}}}}}}}}}}}}}}}}}}}}}}-------}}}}}}}}--------------} }|....|}}}}}}}}}}}}}}}}}}}}}}}}}}}}}}}}}}}}}}|.....--}}}}}}}| |} }|....|}}}}}}}}}}}}}}}}}}}}}}}}}}}}}}}}}}}}}}|--.....}}}}}}}| |} }+....|}}}}}}}---}}}}}}}}}}}}}}}}}}}}}}}}}}---^..|..|}}}}}}}| |} }|....|}}}}}}}|..}.}}}}}}}}}}}}}}}}}}}}}}}}}.....----}}}}}}}| |} }|..%2|}}}@;}}|.^.%--}}}}}}}}}}}}}}}}}}}}}}----...-|}}}}}}}}| |} |...`|}}}}}}}..%.*%}}}}}}}}}}}}}}}}}}}}}}}}}}---%.|--}}}}}}| |} |..<.|}}}}}}}-}}..|}}}}}}}------}}}}}}}}}}}}}}|...|`|}}}}}}| |} |....|}}}}}}}}}}---}}}}}}}%.....}}}}}}}}}}}}---.|...}}}}}}}| |} |....|}}}}}}}}}}}}}}}}}}}|}...|..}|}}}}}}}}--...|---}}}}}}}| |} |.^..|}}}}}}}}}}}}}}}}}}}---..--------}}}}}|..---}}}}}}}}}}| |} |...}|...}}}}}}}}}}}}}}}}}}|-........%}}}}}}}--}}}}}}}}}}}}| |} |...}-...}}}}}}}}}}}}}}}}}}|..--------}}}}}}}}}}}}}}}}}}}}}| +} |...}|...}}}}}}}}}}}}}}}----..|....|}}}}}}}}}}}}}}}}}}.}}}}| |} |....|}}}}}}}}}}}}}}}}}}|.%.....----}}}}}}}}}}}}}}}}}..}}}}| |} ------}}}}}}}}}}}}}}}}}}---------}}}}}}}}}}}}}}}}}}}}}}}}}}--------------} }}}}}}}}}}}}}}}}}}}}}}}}}}}}}}}}}}}}}}}}}}}}}}}}}}}}}}}}}}}}}}}}}}}}}}}}}}} }}}}}}}}}}}}}}}}}}}}}}}}}}}}}}}}}}}}}}}}}}}}}}}}}}}}}}}}}}}}}}}}}}}}}}}}}}} woodfighter the Pilferer Experience level: 12 Strength: 18 Dexterity: 19 Constitution: 16 Intelligence: 11 Wisdom: 11 Charisma: 8 Health: 79(79) Energy: 68(68) Def: 25 Gold: 0 Moves: 18714 Dungeon seed: a4ZPLcYxS_iRpVex Game ID: woodfighter_1511204701 Your Inventory: Amulets J - an uncursed amulet of reflection (being worn) Weapons a - the blessed +7 Grayswandir (weapon in hand) j - 13 blessed +0 elven daggers (in quiver) Armor e - an uncursed very rotted +0 cloak of displacement (being worn) n - a blessed +0 pair of leather gloves r - a blessed rusty +1 dwarvish iron helm (being worn) t - a blessed +4 Hawaiian shirt (being worn) v - a blessed +0 pair of leather gloves (being worn) z - an uncursed burnt +0 pair of elven boots (being worn) N - a blessed greased +0 gray dragon scale mail (being worn) X - an uncursed +0 elven shield (being worn) Comestibles c - 2 uncursed magic beans i - an uncursed cram ration u - an uncursed chestnut B - an uncursed tin of giant ant meat C - 3 uncursed cream pies L - 5 uncursed food rations Z - an uncursed lizard corpse Rings m - an uncursed ring of levitation (on left hand) Q - an uncursed ring of warning (on right hand) Wands d - a wand of teleportation (0:2) f - a wand of digging (0:2) g - a wand of fire (0:3) p - a wand of striking (0:6) x - a wand of digging (0:5) A - a wand of digging (0:7) Tools b - a blessed magic lamp q - a -2 unicorn horn s - a blessed bag of holding w - an uncursed magic whistle y - an uncursed skeleton key F - a +0 unicorn horn V - an uncursed pair of lenses (being worn) W - an uncursed towel Gems D - a blessed luckstone Contents of the bag of holding: an uncursed amulet of magical breathing a [cursed] amulet of restful sleep a blessed +8 dagger named Aggressive Negotiation 3 +0 elven daggers a [uncursed] [+0] cloak of protection an uncursed +0 mummy wrapping an uncursed eucalyptus leaf 3 uncursed sprigs of wolfsbane a [uncursed] scroll of create monster a [uncursed] scroll of enchant weapon a [uncursed] scroll of stinking cloud a [uncursed] scroll of teleportation 2 potions of holy water a [uncursed] potion of see invisible a [uncursed] potion of sickness an uncursed ring of fire resistance a can of grease (0:14) an uncursed [+0] pick-axe a +0 unicorn horn an uncursed wooden flute Spells and supernatural/magical abilities: Name Level Category Fail Memory W - pray for help -- divine ? -- Your skills at the end: Miscellaneous Skills shield [Skilled] wands [Basic] Weapon Skills dagger [Expert] short sword [Basic] long sword [Basic] saber [Skilled] Spellcasting Skills Final Attributes: You were devoutly aligned. You were fire resistant. You were cold resistant. You were sleep resistant. You were disintegration-resistant. You were shock resistant. You were poison resistant. You were magic-protected. You resisted hallucinations. Your writing hand was a little cramped from use. You saw invisible. You were telepathic. You were warned. You had automatic searching. You had infravision. You were invisible to others. You were displaced. You were stealthy. You were levitating. You were held by an electric eel. You were protected. You were fast. You had reflection. You were very lucky. You had extra luck. Good luck did not time out for you. You are dead. Vanquished creatures: an ancient orange dragon a black dragon a green dragon a titan a young blue dragon a trapper a vampire lord a captain a lurker above 5 vampires 11 ghosts a queen bee a mind flayer 2 giant mimics 6 fire giants an ogre king 2 rock trolls a flesh golem 2 long worms 3 stalkers 2 fire elementals an earth elemental a black naga 2 xorns 2 giant zombies 4 sergeants 2 wargs 2 winter wolves 4 quantum mechanics 3 small mimics a glass piercer 3 warhorses a xan 3 ettin mummies 8 trolls a marilith 2 electric eels a pyrolisk a freezing sphere a large cat 2 tigers a dwarf king a tengu an ochre jelly 2 crocodiles 2 chameleons a leocrotta 6 giants 2 human mummies a red naga a Grey-elf 2 pit vipers a python 8 wraiths 2 ettin zombies a leather golem 45 soldiers 2 giant beetles 3 wolves a lynx a panther 34 leprechauns a quivering blob 2 spotted jellies a lizard 5 mountain nymphs an orc-captain a mumak a giant spider 2 scorpions a horse an ice vortex 2 vampire bats 2 forest centaurs 3 gnome kings 2 orc mummies 6 dwarf mummies 3 brown puddings 3 rust monsters 2 owlbears a yeti a gold golem 3 piranhas a chickatrice 3 dogs 3 dingos a housecat 3 jaguars 2 dwarf lords a blue jelly 3 water nymphs 4 white unicorns a gray unicorn 2 dust vortices 4 ravens 3 plains centaurs 2 gnome mummies 8 Woodland-elves a snake an ape 6 human zombies 2 soldier ants 8 yellow lights 13 bugbears 7 wood nymphs 28 Mordor orcs an Uruk-hai an orc shaman a rock mole a rock piercer 3 ponies 5 fog clouds a shrieker a violet fungus 21 gnome lords 7 gnomish wizards 2 kobold mummies a red naga hatchling a black naga hatchling a gray ooze a barrow wight 2 elf zombies 4 ghouls 2 straw golems a jellyfish 7 giant ants 2 puppies 3 floating eyes 4 kittens 22 dwarves a kobold lord 5 kobold shamans 6 iguanas 7 hill orcs 7 rothes a centipede 5 jitterbugs 6 giant bats a monkey 13 orc zombies 12 dwarf zombies 3 wererats 3 werejackals 25 killer bees 7 coyotes a gas spore 8 hobbits 3 large kobolds 4 geckos 22 hobgoblins 12 giant rats 4 cave spiders a brown mold 5 yellow molds a green mold a red mold 62 gnomes 5 garter snakes 19 manes 4 gnome zombies 14 jackals 3 foxes 2 kobolds 8 newts 10 goblins a sewer rat 5 grid bugs 10 bats 11 lichens 6 kobold zombies 779 creatures vanquished. Genocided species: island nymphs disenchanters 2 species genocided. Voluntary challenges: You did not cause conflict. You used a wielded weapon 1123 times, starting on turn 276. You did not use plumbed fixtures. You read items or engraved 14 times, starting on turn 3567. You genocided 2 types of monsters, starting on turn 6601. You never polymorphed an object. You changed form 1 time, starting on turn 2186. You completed Sokoban on turn 5898, according to the rules. You used 2 wishes, starting on turn 6636. You wished for your your first artifact on turn 6636. You never split a pudding. You wrote Elbereth's name 1 time, starting on turn 14160. You violated your moral code, losing 9 points of alignment, starting on turn 6728. Dungeon overview: The Dungeons of Doom: levels 1 to 22 Level 1 a fountain a long staircase Level 2 a scroll shop, some fountains Level 3 a scroll shop, an altar to Issek, a fountain Level 4 a weapon shop stairs to The Gnomish Mines Level 5 a fountain Level 6 a fountain Level 7 a sink Level 8 many fountains Level 9 an altar to Issek, a fountain stairs to Sokoban Level 10 a fountain, a sink Level 11 an altar to Kos Level 12 Level 13 Level 14 (big room + quest) Level 15 Level 16 a fountain Level 17 Level 18 (rogue) Level 19 some fountains, a sink Level 20 a fountain, a sink Level 21 an altar to Issek, some fountains Level 22 (medusa) <- You were here The Gnomish Mines: levels 5 to 13 Level 5 stairs to The Dungeons of Doom Level 6 Level 7 many shops, a temple to Kos, a magic chest, some fountains Level 8 Level 9 Level 10 Level 11 Level 12 Level 13 a magic chest, some fountains Sokoban: levels 5 to 8 Level 5 a magic chest Level 6 Level 7 a fountain Level 8 an altar to Moloch, a magic chest stairs to The Dungeons of Doom History has recorded: On T:1 you entered the Dungeons of Doom to retrieve the Amulet of Yendor! On T:293 you reached level 2 of The Dungeons of Doom. On T:538 you advanced to experience level 2. On T:604 you reached level 3 of The Dungeons of Doom. On T:666 you advanced to experience level 3. On T:929 you advanced to experience level 4. On T:972 you reached level 4 of The Dungeons of Doom. On T:1180 you reached level 5 of The Dungeons of Doom. On T:1382 you reached level 1 of The Gnomish Mines. On T:1410 you advanced to experience level 5. On T:1583 you reached level 6 of The Dungeons of Doom. On T:1842 you reached level 9 of The Dungeons of Doom. On T:1848 you reached level 8 of The Dungeons of Doom. On T:2004 you advanced to experience level 6. On T:2039 you reached level 7 of The Dungeons of Doom. On T:3015 you reached level 4 of Sokoban. On T:3089 you opened a magic chest. On T:3164 you prayed to Kos. On T:3425 you advanced to experience level 7. On T:3802 you reached level 3 of Sokoban. On T:4219 you reached level 2 of Sokoban. On T:4622 you reached level 1 of Sokoban. On T:5898 you advanced to experience level 8. On T:5898 you entered the Sokoban zoo. On T:6536 you advanced to experience level 9. On T:6636 you wished for "+3 blessed fixed grayswandir". On T:6983 you prayed to Kos. On T:7334 you reached level 2 of The Gnomish Mines. On T:7425 you reached level 3 of The Gnomish Mines. On T:7917 you entered the Minetown temple On T:8162 you reached level 4 of The Gnomish Mines. On T:8538 you reached level 5 of The Gnomish Mines. On T:8756 you reached level 6 of The Gnomish Mines. On T:9060 you reached level 8 of The Gnomish Mines. On T:9073 you reached level 7 of The Gnomish Mines. On T:9235 you reached level 9 of The Gnomish Mines. On T:9235 you reached the bottom of the Mines. On T:9951 you advanced to experience level 10. On T:10482 you wished for "+3 blessed fixed greased gray dragon scale mail". On T:11425 you reached level 10 of The Dungeons of Doom. On T:11515 you advanced to experience level 11. On T:11630 you reached level 11 of The Dungeons of Doom. On T:12044 you reached level 12 of The Dungeons of Doom. On T:12056 you reached level 13 of The Dungeons of Doom. On T:12425 you reached level 14 of The Dungeons of Doom. On T:12712 you reached level 15 of The Dungeons of Doom. On T:13797 you prayed to Kos. On T:14752 you reached level 16 of The Dungeons of Doom. On T:14983 you advanced to experience level 12. On T:15013 you reached level 17 of The Dungeons of Doom. On T:15892 you reached level 18 of The Dungeons of Doom. On T:15892 you entered the Rogue tribute level. On T:16473 you reached level 19 of The Dungeons of Doom. On T:16993 you reached level 20 of The Dungeons of Doom. On T:17161 you reached level 21 of The Dungeons of Doom. On T:17576 you reached level 22 of The Dungeons of Doom. Score breakdown: Gold: 0 ( 0 points) Experience: 12 levels ( 1100 points) Exploration: 22 levels ( 630 points) Discoveries: 79 items ( 2000 points) Variety of kills: 170 monsters ( 2000 points) Major goal: Sokoban/Mines ( 1500 points) Survival: died (score multiplied by 3) Total score: 21690 Latest messages: You slash the electric eel! You kill the electric eel! You stop exploring. (3x) You take off your ring of levitation. You float gently to the water. There is a pool of shallow water here. You see here an ornamental cope. Y - an ornamental cope. You put an ornamental cope into the bag called holding. You put a scroll of teleportation into the bag called holding. You put a scroll of stinking cloud into the bag called holding. You put a potion of sickness into the bag called holding. You are now wearing a ring of levitation. You start to float in the air! Something misses. The electric eel swings itself around you! A mysterious force prevents the electric eel from teleporting! The electric eel bites! The electric eel drowns you... Final status: Goodbye woodfighter the Rogue, drowned in a moat by an electric eel... You drowned in The Dungeons of Doom on dungeon level 22 with 21690 points, and 0 pieces of gold, after 18714 moves. You were level 12 with a maximum of 79 hit points when you drowned.